AoeStats
← Gen ALPHA RIZZLER 67

Fortress

510157828Analyzed
4v4 RM · 1d ago on Sep 29, 2026· 88m 3s· 8 players
Game mode
Random Map
Map size
Huge
Population
200
Speed
Normal
Resources
Standard
Victory
Conquest
Starting age
Dark Age
Ending age
Imperial Age
RankedLock teamsTeams togetherTeam positionsShared explorationLock speedFull tech treeHidden civsTurbo modeCheats
Victory
Defeat
🇧🇪 Portuguese · Belgium
1266
+17
🇷🇺 Inca · Russia
1253
+17
🇫🇮 Italians · Finland
1249
+17
🇫🇮 Spanish · Finland
1210
+19
🇺🇸 Magyars · United States
1316
-19
🇹🇷 Varangians · Türkiye
1291
-18
🇨🇦 Burgundians · Canada
1259
-17
🇧🇷 Burmese · Brazil
1243
-16
max_paynich
0:32 Loom
7:14 Feudal Age
7:37 Feudal Age
6:48 Loom
9:19 Double-Bit Axe
9:16 Horse Collar
13:08 Castle Age
23:01 Wheelbarrow
22:13 Town Watch
23:15 Heavy Plow
23:37 Bow Saw
23:28 Gold Mining
23:42 Stone Mining
24:15 Hand Cart
25:44 Gold Shaft Mining
25:47 Stone Shaft Mining
29:15 Imperial Age
26:49 Squires
26:34 Arson
27:24 Scale Mail Armor
27:35 Forging
27:15 Fletching
28:35 Chain Mail Armor
29:50 Iron Casting
29:11 Bodkin Arrow
29:16 Padded Archer Armor
30:18 Conscription
30:58 Plate Mail Armor
29:59 Capped Ram
30:06 Elite Skirmisher
31:35 Elite Kamayuk
32:56 Ballistics
33:44 Blast Furnace
33:50 Crop Rotation
34:26 Chemistry
33:07 Treadmill Crane
33:22 Murder Holes
33:50 Leather Archer Armor
34:31 Siege Engineers
35:32 Andean Sling
35:34 Fabric Shields
35:53 Siege Ram
37:38 Hoardings
37:26 Bracer
37:56 Ring Archer Armor
40:36 Ring Archer Armor
40:20 Fortified Wall
39:56 Arrowslits
40:22 Masonry
51:25 Pikeman
52:24 Halberdier
56:12 Guard Tower
59:29 Caravan
87:46 Town Patrol
Finarfin
5:11 Feudal Age
5:52 Double-Bit Axe
6:23 Horse Collar
8:10 Wheelbarrow
11:51 Castle Age
10:33 Gold Mining
10:39 Fletching
12:49 Hand Cart
12:35 Heavy Plow
12:51 Bow Saw
14:09 Fletching
15:29 Bodkin Arrow
16:11 Stone Mining
17:05 Loom
17:05 Town Watch
17:29 Padded Archer Armor
18:43 Stone Shaft Mining
26:51 Imperial Age
26:17 Leather Archer Armor
28:10 Crop Rotation
28:56 Two-Man Saw
27:57 Bracer
28:28 Ring Archer Armor
28:53 Conscription
30:40 Chemistry
31:00 Ballistics
31:32 Town Patrol
31:41 Elite Genoese Crossbowman
32:47 Masonry
33:14 Town Patrol
35:27 Architecture
34:54 Murder Holes
36:23 Silk Road
36:20 Scale Barding Armor
36:16 Scale Mail Armor
36:26 Forging
38:03 Chain Barding Armor
37:57 Bloodlines
37:47 Husbandry
39:35 Plate Barding Armor
39:36 Iron Casting
40:26 Treadmill Crane
42:27 Blast Furnace
42:21 Caravan
43:43 Hoardings
42:57 Light Cavalry
45:49 Fortified Wall
47:17 Guilds
48:32 Hussar
49:58 Coinage
50:09 Pirotechnia
50:24 Bombard Tower
49:50 Arrowslits
53:11 Banking
56:13 Heated Shot
noumha
6:50 Feudal Age
5:17 Loom
12:46 Castle Age
20:45 Imperial Age
19:00 Pikeman
19:45 Town Watch
21:42 Double-Bit Axe
23:13 Fortified Wall
24:04 Chemistry
28:11 Halberdier
29:34 Horse Collar
31:09 Gambesons
32:33 Bow Saw
32:56 Conscription
33:25 Forging
33:16 Scale Mail Armor
35:51 Elite Organ Gun
37:46 Arquebus
37:19 Elite Skirmisher
39:34 Ballistics
39:20 Siege Engineers
42:37 Two-Man Saw
41:35 Fletching
41:46 Padded Archer Armor
42:01 Chain Mail Armor
42:23 Iron Casting
42:53 Bombard Tower
42:26 Guard Tower
44:48 Masonry
44:20 Treadmill Crane
44:38 Murder Holes
44:42 Bodkin Arrow
45:04 Leather Archer Armor
45:58 Sappers
48:52 Thumb Ring
52:53 Leather Archer Armor
52:33 Bodkin Arrow
53:40 Blast Furnace
53:10 Plate Mail Armor
54:49 Caravan
61:02 Bracer
61:32 Ring Archer Armor
74:50 Murder Holes
75:31 Keep
75:26 Architecture
78:51 Town Patrol
79:27 Wheelbarrow
84:06 Hand Cart
Mursustaja
7:47 Feudal Age
9:11 Loom
11:55 Castle Age
10:36 Double-Bit Axe
11:33 Horse Collar
12:32 Wheelbarrow
12:30 Scale Barding Armor
13:17 Heavy Plow
14:44 Bow Saw
17:17 Wheelbarrow
17:10 Town Watch
19:18 Bloodlines
22:00 Hand Cart
23:21 Husbandry
23:44 Chain Barding Armor
23:58 Padded Archer Armor
26:04 Leather Archer Armor
26:00 Fletching
30:13 Gold Mining
30:13 Stone Mining
33:15 Imperial Age
31:14 Masonry
33:43 Elite Conquistador
37:40 Ring Archer Armor
37:06 Bodkin Arrow
37:46 Conscription
40:03 Caravan
40:21 Cavalier
41:55 Stone Shaft Mining
43:34 Paladin
44:21 Scale Mail Armor
44:58 Plate Barding Armor
44:34 Forging
46:15 Two-Man Saw
46:29 Two-Man Saw
50:05 Iron Casting
50:43 Chemistry
52:43 Light Cavalry
54:58 Guilds
55:24 Hussar
64:20 Blast Furnace
68:01 Ballistics
67:39 Murder Holes
69:04 Supremacy
72:05 Squires
71:25 Pikeman
72:08 Bracer
72:09 Scale Mail Armor
72:22 Fortified Wall
72:44 Architecture
84:09 Capped Ram
swagdalf
7:08 Feudal Age
11:15 Castle Age
9:26 Double-Bit Axe
9:39 Horse Collar
12:21 Bow Saw
15:45 Fervor
19:36 Wheelbarrow
18:54 Loom
21:10 Gold Mining
21:23 Heavy Plow
22:43 Hand Cart
23:26 Stone Mining
24:11 Gold Shaft Mining
27:08 Imperial Age
25:12 Scale Barding Armor
25:39 Padded Archer Armor
25:52 Fletching
26:30 Bloodlines
26:21 Husbandry
26:42 Leather Archer Armor
26:56 Thumb Ring
27:22 Ballistics
27:14 Bodkin Arrow
27:58 Bracer
29:01 Chemistry
27:26 Heavy Cavalry Archer
28:49 Parthian Tactics
28:30 Recurve Bow
28:50 Conscription
29:56 Two-Man Saw
29:19 Murder Holes
30:10 Caravan
31:35 Leather Archer Armor
31:26 Corvinian Army
32:46 Scale Barding Armor
32:05 Light Cavalry
33:03 Town Watch
34:46 Chain Barding Armor
33:54 Hussar
33:56 Elite Magyar Huszar
35:12 Hoardings
39:42 Coinage
40:12 Masonry
40:07 Siege Engineers
39:44 Treadmill Crane
39:53 Cavalier
48:36 Plate Barding Armor
72:36 Banking
elsuum_93
3:14 Double-Bit Axe
8:44 Feudal Age
10:21 Bow Saw
12:41 Castle Age
10:26 Horse Collar
11:14 Heavy Plow
15:45 Loom
19:20 Wheelbarrow
20:43 Hand Cart
20:20 Town Watch
21:44 Gold Mining
22:34 Scale Barding Armor
22:40 Forging
22:43 Husbandry
26:45 Imperial Age
24:11 Fletching
26:12 Chain Barding Armor
26:28 Iron Casting
26:09 Masonry
27:52 Conscription
28:13 Plate Barding Armor
27:42 Capped Ram
29:25 Blast Furnace
27:59 Elite Coustillier
35:06 Hoardings
37:57 Caravan
41:06 Bodkin Arrow
41:12 Padded Archer Armor
41:13 Scale Mail Armor
43:00 Two-Man Saw
42:32 Crop Rotation
42:09 Burgundian Vineyards
52:22 Town Patrol
72:33 Chemistry
72:06 Architecture
75:08 Cavalier
76:11 Paladin
77:44 Coinage
82:20 Light Cavalry
85:47 Hussar
Gen ALPHA RIZZLER 67
8:17 Feudal Age
9:04 Horse Collar
9:30 Double-Bit Axe
12:23 Castle Age
13:46 Loom
17:50 Wheelbarrow
17:33 Bow Saw
18:54 Hand Cart
21:41 Heavy Plow
22:29 Gold Mining
22:52 Stone Mining
26:12 Imperial Age
23:54 Scale Mail Armor
24:55 Chain Mail Armor
24:51 Forging
25:22 Squires
25:09 Gambesons
26:10 Iron Casting
26:29 Caravan
26:16 Elite Varangian Guard
26:30 Gothikon
29:00 Plate Mail Armor
29:30 Blast Furnace
29:47 Blast Furnace
30:56 Fletching
31:11 Scale Barding Armor
32:01 Crop Rotation
32:42 Two-Man Saw
32:11 Arson
32:48 Bodkin Arrow
33:14 Chain Barding Armor
34:29 Bracer
37:57 Padded Archer Armor
38:33 Plate Barding Armor
38:24 Conscription
38:36 Town Watch
46:56 Coinage
46:36 Guilds
48:33 Banking
59:59 Elite Jarl
61:29 Ballistics
62:25 Guard Tower
63:36 Chemistry
78:43 Siege Engineers
78:49 Masonry
78:20 Treadmill Crane
78:29 Treadmill Crane
80:29 Murder Holes
83:36 Capped Ram
85:02 Fortified Wall
BaianinhoDeMaua
7:50 Feudal Age
11:44 Castle Age
10:20 Loom
12:42 Gold Mining
13:08 Horse Collar
15:23 Padded Archer Armor
23:12 Manipur Cavalry
24:06 Bloodlines
24:24 Fletching
26:16 Bodkin Arrow
25:56 Elite Skirmisher
28:28 Stone Mining
29:15 Gold Shaft Mining
30:13 Ballistics
31:16 Wheelbarrow
31:12 Husbandry
35:43 Imperial Age
34:36 Scale Barding Armor
34:42 Forging
35:30 Hand Cart
34:49 Light Cavalry
36:14 Hussar
40:04 Chemistry
40:00 Parthian Tactics
40:15 Bracer
40:21 Scale Barding Armor
42:58 Chain Barding Armor
42:49 Forging
46:21 Elite Arambai
49:11 Plate Barding Armor
49:11 Iron Casting
52:24 Blast Furnace
55:24 Capped Ram
63:01 Conscription
80:55 Capped Ram
82:56 Pikeman
83:36 Squires
Connection lost

Rejoining the realm…

Still unreachable

The connection could not be restored.

Session expired

The server has moved on; the page needs a fresh start.